 Dungeon Crawl Stone Soup version 0.22-a0-40-g3d2f077 (webtiles) character file.

13013 Gorglomux the Protected (level 11, 0/103 HPs)
             Began as a Deep Dwarf Fighter on Jan 4, 2018.
             Was an Elder of Makhleb.
             Slain by an elephant (12 damage)
             ... on level 11 of the Dungeon.
             The game lasted 00:14:50 (8158 turns).

Gorglomux the Protected (Deep Dwarf Fighter)        Turns: 8158, Time: 00:14:51

Health: 0/103      AC: 24    Str: 25    XL:     11   Next: 70%
Magic:  11/11      EV: 12    Int: 10    God:    Makhleb [****..]
Gold:   641        SH: 12    Dex: 12    Spells: 10/10 levels left

rFire    . . .     SeeInvis .   a - +0 war axe
rCold    . . .     Gourm    .   c - +0 shield
rNeg     . . .     Faith    .   w - +0 chain mail
rPois    .         Spirit   .   P - +2 helmet
rElec    .         Reflect  .   (no cloak)
rCorr    .         Harm     .   u - +2 pair of gloves
MR       +....                  S - +1 pair of boots
Stlth    ..........             (no amulet)
HPRegen  0.00/turn              j - +4 ring of protection
MPRegen  0.12/turn              Y - +3 ring of strength

@: non-regenerating, drained
A: damage resistance, heal wounds, sense surroundings 2, no regeneration
a: Heal Wounds, Minor Destruction, Lesser Servant of Makhleb, Major Destruction,
Renounce Religion


You were on level 11 of the Dungeon.
You worshipped Makhleb.
Makhleb was greatly pleased with you.
You were hungry.

You visited 2 branches of the dungeon, and saw 12 of its levels.

You collected 641 gold pieces.

Inventory:

Hand Weapons
 a - a +0 war axe (weapon)
Armour
 c - a +0 shield (worn)
 u - a +2 pair of gloves (worn)
 w - a +0 chain mail (worn)
 P - a +2 helmet (worn)
 S - a +1 pair of boots (worn)
Jewellery
 j - a +4 ring of protection (left hand)
 L - an uncursed amulet of faith {unknown}
 M - an uncursed amulet of harm {unknown}
 Y - a +3 ring of strength (right hand)
Wands
 D - a wand of digging (10)
 E - a wand of enslavement (5)
 I - a wand of iceblast (20)
 O - a wand of clouds (4)
Scrolls
 J - a scroll of amnesia {unknown}
 K - a scroll of torment {unknown}
 R - 14 scrolls of identify
 T - 4 scrolls of teleportation
 V - 6 scrolls of remove curse
 Z - 2 scrolls of enchant armour
Potions
 h - 2 potions of agility
 m - 5 potions of heal wounds
 v - 2 potions of brilliance
 Q - 7 potions of curing
 U - a potion of might
 W - 2 potions of haste
 X - 3 potions of mutation {unknown}
Comestibles
 f - 22 rations
 N - 18 chunks of flesh


   Skills:
 + Level 8.3(8.1) Fighting
 + Level 9.6(9.4) Axes
 + Level 9.9(9.7) Armour
 + Level 9.2(9.0) Dodging
 + Level 9.8(9.7) Shields
 + Level 2.2(2.1) Invocations


You had 10 spell levels left.
You didn't know any spells.

Dungeon Overview and Level Annotations

Branches:
Dungeon (11/15)            Temple (1/1) D:4            Lair (0/6) D:11
    Orc (0/2) D:11

Altars:
Ashenzari
Cheibriados
Dithmenos
Elyvilon
Fedhas
Gozag
Hepliaklqana
Kikubaaqudgha
Makhleb
Nemelex Xobeh
Okawaru
Qazlal
Ru
Sif Muna
Trog
Uskayaw
Vehumet
Wu Jian
Xom
Yredelemnul
Zin
The Shining One
Beogh

Shops:
D:7 :

Annotations:
D:2 exclusion: door
D:4 1 runed door


Innate Abilities, Weirdness & Mutations

You are resistant to damage.
You can heal yourself by infusing magical energy.
You passively map the area around you.
You do not regenerate.


Message History

You cut the elephant but do no damage!
The elephant closely misses butt!
The elephant misses you! The orc knight barely misses you!
You closely miss the orc knight!
The orc knight is severely wounded!
You slice the elephant but do no damage!
You open the orc knight like a pillowcase!
You block the orc knight's attack!
The elephant tramples you but does no damage!
The elephant misses you!
Unknown command!
Your chain mail prevents you from hitting the orc knight!
The orc knight is severely wounded!
Your shield and chain mail prevent you from hitting the elephant!
You chop the orc knight into pieces!
The orc knight hits you with an enchanted great mace!!!!!! * * * don't die
* * * The orc knight hits you with a long sword!!! * * * don't die
* * * The elephant tramples you!!! rip

, ........##..# #))#... ,
........##..# #)†#... ,
*............# #).....
,,, .......<....# #......
............# #.###.. ,
*......))##..# *#.....###
*
*#######)##..##.........#
*
#.....#.##..#.Y.........
,
#...oo8@##....P.........
,
#....oooY#........>.....
, ,
#..⌠.l8........P......P.
*#.....#.##..#........P..
, #.....#.# ..# ....... ,
#>._.8#.. ,.####.... ,
#.....#.# ........# *
#....,#.# .....cll# , ,
.#####Yu# #..


You could see an elephant, 2 orc knights, a basilisk, 2 orc priests and an orc.

Vanquished Creatures
  Josephine (D:11)
  Fannar (D:11)
  A two-headed ogre (D:9)
  Nergalle (D:10)
  A centaur zombie (D:11)
  The ghost of tidbits the Grave Robber, a novice GnNe (D:6)
  2 trolls
  Prince Ribbit (D:7)
  6 hippogriffs
  10 yaks
  6 wraiths
  A basilisk (D:11)
  2 hungry ghosts
  Duvessa (D:5)
  6 orc warriors
  2 phantoms
  2 ice beasts
  7 centaurs
  7 ogres
  A crocodile (D:10)
  A big kobold (D:10)
  4 bullfrogs
  Dowan (D:5)
  3 scorpions
  9 killer bees
  A water moccasin skeleton (D:10)
  9 wights (D:7)
  4 howler monkeys
  6 crimson imps
  3 jellies (D:2)
  3 centaur skeletons
  4 hounds
  2 quasits
  An orc priest (D:11)
  6 orc wizards
  Jessica (D:2)
  2 iguanas
  Natasha (D:2)
  A human skeleton (D:4)
  5 worker ants
  A worker ant zombie (D:9)
  6 gnolls
  13 adders
  A shadow imp (D:10)
  5 oozes
  An adder zombie (D:7)
  2 adder skeletons
  3 worms
  2 dart slugs
  4 leopard geckos
  49 orcs
  5 giant cockroaches
  8 goblins
  11 hobgoblins
  11 jackals
  8 quokkas
  A ball python (D:3)
  7 bats
  4 frilled lizards
  29 kobolds
  A kobold zombie (D:4)
  A quokka skeleton (D:4)
  2 quokka zombies (D:1)
  5 rats
307 creatures vanquished.

Vanquished Creatures (others)
  A yak (D:11)
  An adder (D:11)
  4 fungi (D:2)
  7 toadstools (D:2)
13 creatures vanquished.

Grand Total: 320 creatures vanquished

Notes
Turn   | Place    | Note
-------+----------+-------------------------------------------
     0 | D:1      | Gorglomux the Deep Dwarf Fighter began the quest for the Orb.
     0 | D:1      | Reached XP level 1. HP: 20/20 MP: 1/1
   271 | D:1      | Reached XP level 2. HP: 21/27 MP: 2/2
   545 | D:1      | Reached skill level 1 in Dodging
   879 | D:2      | Reached skill level 3 in Fighting
   879 | D:2      | Reached XP level 3. HP: 20/34 MP: 3/3
   905 | D:2      | Noticed Jessica
   915 | D:2      | Killed Jessica
   999 | D:2      | Reached XP level 4. HP: 35/42 MP: 4/4
  1084 | D:2      | Reached skill level 3 in Axes
  1086 | D:2      | Reached XP level 5. HP: 38/49 MP: 5/5
  1161 | D:2      | Noticed Natasha
  1181 | D:2      | Killed Natasha
  1261 | D:2      | Found a sacrificial altar of Ru.
  1347 | D:2      | Found an iron altar of Okawaru.
  1762 | D:3      | Reached XP level 6. HP: 26/57 MP: 6/6
  1809 | D:3      | Reached skill level 3 in Dodging
  2037 | D:3      | Reached XP level 7. HP: 40/64 MP: 7/7
  2638 | D:3      | Found a hide-covered altar of Uskayaw.
  2795 | D:4      | Found a runed door.
  2795 | D:4      | Noticed a human
  2827 | D:4      | Found a basalt altar of Yredelemnul.
  3383 | D:4      | Found a staircase to the Ecumenical Temple.
  3684 | Temple   | Entered the Ecumenical Temple
  3726 | Temple   | Became a worshipper of Makhleb the Destroyer
  3825 | D:5      | Entered Level 5 of the Dungeon
  4085 | D:5      | Reached XP level 8. HP: 27/73 MP: 8/8
  4182 | D:5      | Noticed Dowan
  4183 | D:5      | Noticed Duvessa
  4192 | D:5      | Killed Duvessa
  4193 | D:5      | Killed Dowan
  4338 | D:6      | Reached skill level 6 in Armour
  4361 | D:6      | Reached skill level 6 in Shields
  4427 | D:6      | Noticed tidbits's ghost (novice GnNe)
  4462 | D:6      | Killed tidbits's ghost
  4463 | D:6      | Reached * piety under Makhleb
  4463 | D:6      | Reached skill level 6 in Axes
  4758 | D:7      | Noticed a hippogriff
  4773 | D:7      | Killed a hippogriff
  4773 | D:7      | Gained mutation: You passively map the area around you. [Deep Dwarf growth]
  4773 | D:7      | Reached XP level 9. HP: 44/81 MP: 9/9
  5076 | D:7      | Noticed Prince Ribbit
  5096 | D:7      | Killed Prince Ribbit
  5096 | D:7      | Reached skill level 6 in Dodging
  5190 | D:7      | Reached skill level 6 in Fighting
  5213 | D:7      | Found Lopnoax's Book Shoppe.
  5801 | D:8      | Reached ** piety under Makhleb
  5809 | D:8      | Noticed a troll
  5822 | D:8      | Killed a troll
  6062 | D:9      | Reached XP level 10. HP: 85/92 MP: 10/10
  6274 | D:9      | Found a sparkling altar of Nemelex Xobeh.
  6293 | D:9      | Noticed a two-headed ogre
  6306 | D:9      | Killed a two-headed ogre
  6642 | D:9      | Found a shimmering altar of Xom.
  6650 | D:9      | Found a radiant altar of Vehumet.
  6651 | D:9      | Found a shadowy altar of Dithmenos.
  6652 | D:9      | Found a bloodstained altar of Trog.
  6652 | D:9      | Found an ornate altar of the Wu Jian Council.
  6653 | D:9      | Found a snail-covered altar of Cheibriados.
  6654 | D:9      | Found a blossoming altar of Fedhas.
  6655 | D:9      | Found a shattered altar of Ashenzari.
  6656 | D:9      | Found a glowing silver altar of Zin.
  6879 | D:10     | Entered Level 10 of the Dungeon
  6898 | D:10     | Reached *** piety under Makhleb
  6970 | D:10     | Noticed Nergalle
  6974 | D:10     | Noticed a spectral orc warlord
  6981 | D:10     | Noticed a spectral orc warlord
  7027 | D:10     | Killed Nergalle
  7079 | D:10     | Reached skill level 9 in Armour
  7122 | D:10     | Reached skill level 9 in Shields
  7189 | D:10     | Reached XP level 11. HP: 76/100 MP: 11/11
  7583 | D:10     | Reached skill level 9 in Axes
  7680 | D:10     | Reached **** piety under Makhleb
  7745 | D:11     | Noticed Josephine
  7780 | D:11     | Killed Josephine
  7905 | D:11     | Noticed Fannar
  7905 | D:11     | Found a staircase to the Lair.
  7910 | D:11     | Noticed an eight-headed hydra
  7913 | D:11     | Noticed a purple ugly thing
  8000 | D:11     | Reached skill level 9 in Dodging
  8047 | D:11     | Killed Fannar
  8047 | D:11     | Reached skill level 1 in Invocations
  8128 | D:11     | Found a roughly hewn altar of Beogh.
  8128 | D:11     | Found a staircase to the Orcish Mines.
  8130 | D:11     | Noticed an orc knight
  8136 | D:11     | Noticed an orc knight
  8158 | D:11     | Slain by an elephant

Vault maps used:
D:1:      saegor_arrival_fortress
D:2:      cheibrodos_fertilizer, lemuel_round_altar, old_standard_altar,
          first_ration, uniq_crazy_yiuf_cottage, uniq_natasha, uniq_jessica
D:3:      marbit_many_paths
D:4:      lemuel_temple_firewalk_a, hangedman_abyss_or_decor_stagger,
          dk_yredelemnul_ordeal
D:5:      uniq_duvessa
D:6:      uniq_edmund
D:7:      serial_shops, shop, uniq_prince_ribbit1
D:9:      nemelex_xobeh_ov_fountains_minmay, minitemple, serial_glass,
          glass_columns_a, glass_columns_a, glass_columns_b, item_on_display_a,
          item_on_display_a
D:10:     uniq_nergalle
D:11:     david_lair_generic, david_orc_5, uniq_josephine, uniq_fannar
Temple:   jpeg_temple_island

Skill      XL: |  1  2  3  4  5  6  7  8  9 10 11 |
---------------+----------------------------------+-----
Dodging        | 1 2 3 4 5 6 8 9 |  9.2
Fighting       | 3 4 5 6 7 8 |  8.3
Axes           | 3 4 5 6 7 8 9 |  9.6
Armour         | 4 5 6 7 9 |  9.9
Shields        | 4 5 6 7 9 |  9.8
Invocations    | 2 |  2.2

Action                   |  1- 3 |  4- 6 |  7- 9 | 10-12 || total
-------------------------+-------+-------+-------+-------++-------
Melee: War axe           |    82 |   260 |   504 |   572 ||  1418
Invok: Lesser Servant of |       |       |       |     2 ||     2
 Abil: Heal Wounds       |     1 |     5 |     9 |     9 ||    24
Evoke: Wand              |       |       |     2 |     2 ||     4
  Use: Potion            |       |     3 |     1 |     1 ||     5
       Scroll            |       |       |    13 |     1 ||    14
  Eat: Chunk             |       |     5 |    14 |    10 ||    29
       Ration            |       |       |     1 |       ||     1
Armor: Scale mail        |    61 |   157 |    34 |       ||   252
       Chain mail        |       |       |   296 |   495 ||   791
Dodge: Dodged            |    43 |   134 |   226 |   356 ||   759
Block: Shield            |    45 |   175 |   346 |   509 ||  1075

Table legend:
 A = Spawn XP
 B = Non-spawn XP
 C = Spawn XP percentage of total XP
 D = Spawn monster count
 E = Non-spawn monster count
 F = Spawn count percentage of total count
 G = Total turns spent on level
                    A         B        C        D         E        F      G
               +---------+---------+-------+---------+---------+-------+---------
         Total |       0 |   18591 |   0.0 |       0 |     307 |   0.0 |  8158
               +---------+---------+-------+---------+---------+-------+---------
           D:1 |       0 |      34 |   0.0 |       0 |      23 |   0.0 |   872
           D:2 |       0 |     310 |   0.0 |       0 |      41 |   0.0 |   808
           D:3 |       0 |     486 |   0.0 |       0 |      41 |   0.0 |  1098
           D:4 |       0 |     222 |   0.0 |       0 |      17 |   0.0 |   969
           D:5 |       0 |     680 |   0.0 |       0 |      15 |   0.0 |   458
           D:6 |       0 |     861 |   0.0 |       0 |      11 |   0.0 |   461
           D:7 |       0 |    1475 |   0.0 |       0 |      29 |   0.0 |   824
           D:8 |       0 |    1311 |   0.0 |       0 |      14 |   0.0 |   430
           D:9 |       0 |    3261 |   0.0 |       0 |      33 |   0.0 |   881
          D:10 |       0 |    4339 |   0.0 |       0 |      43 |   0.0 |   849
          D:11 |       0 |    5612 |   0.0 |       0 |      40 |   0.0 |   430
               +---------+---------+-------+---------+---------+-------+---------
